 Dungeon Crawl Stone Soup version 0.30-a0-691-g754fce4c43 (webtiles) character file.

Game seed: 15346304202802505443

3 IdlyInterested the Cudgeller (level 1, -1/16 HPs)
             Began as a Demonspawn Gladiator on Jan 19, 2023.
             Slain by an endoplasm (2 damage)
             ... on level 1 of the Dungeon.
             The game lasted 00:00:45 (135 turns).

IdlyInterested the Cudgeller (Demonspawn Gladiator)  Turns: 135, Time: 00:00:45

Health: -1/16      AC:  6    Str: 14    XL:     1   Next: 41%
Magic:  1/1        EV:  8    Int:  9    God:
Gold:   9          SH:  0    Dex: 14    Spells: 0/0 levels left

rFire   . . .      SeeInvis .    a - +0 flail
rCold   . . .      Faith    .    (no shield)
rNeg    . . .      Spirit   .    f - +0 ring mail
rPois   .          Reflect  .    c - +0 helmet
rElec   .          Harm     .    (no cloak)
rCorr   .          Rampage  .    (no gloves)
Will    .....                    (no boots)
Stlth   +                        (no amulet)
HPRegen 0.22/turn                (no ring)
MPRegen 0.07/turn                (no ring)

@: constricted
A: no striking features
a: no special abilities


You were on level 1 of the Dungeon.
You visited 1 branch of the dungeon, and saw 1 of its levels.

You collected 9 gold pieces.

Inventory:

Hand Weapons
 a - a +0 flail (weapon)
Missiles
 d - 3 throwing nets (quivered)
 e - a javelin
Armour
 c - a +0 helmet (worn)
 f - a +0 ring mail (worn)


   Skills:
 - Level 2.0 Fighting
 * Level 2.9 Maces & Flails
 - Level 1.7 Throwing
 - Level 2.6 Dodging


You couldn't memorise any spells.
You didn't know any spells.
Your spell library was empty.

Dungeon Overview and Level Annotations

Branches:
Dungeon (1/15)

Altars:


Message History

You hit the dart slug.
The dart slug is moderately wounded.
The dart slug barely misses you.
You sock the dart slug!
You kill the dart slug!
A ball python comes into view.
The ball python hisses angrily.
You hear a shout!
An endoplasm comes into view.
The endoplasm quivers.
A kobold comes into view.
It is wielding a +0 short sword of flaming.
The ball python bites you. The ball python grabs you.
The ball python constricts you.
You barely miss the ball python.
The ball python bites you but does no damage.
The ball python constricts you.
You barely miss the ball python. The ball python barely misses you.
The ball python constricts you. The endoplasm hits you.
The kobold throws a stone.
The stone hits you.
The ball python bites you but does no damage.
The ball python constricts you.
You closely miss the ball python. The endoplasm hits you.
The ball python bites you. The ball python constricts you.
The kobold barely misses you. The endoplasm freezes you.
You are frozen.
You barely miss the kobold.
The ball python bites you but does no damage.
The ball python constricts you. The endoplasm closely misses you.
The kobold hits you with a +0 short sword of flaming.
The kobold burns you. The ball python barely misses you.
The ball python constricts you.
You hit the kobold but do no damage. The ball python barely misses you.
The ball python constricts you. The endoplasm freezes you.
You are frozen.
* * * LOW HITPOINT WARNING * * *
The kobold closely misses you.
You barely miss the kobold. The ball python closely misses you.
The ball python constricts you. The endoplasm hits you.
You die...

##. .... .# .#..##
.# ...... #.# ...
#....+###.# ....
..#........# ......
........J..##..[...
#...K@...##......
###..S...........
...........#.....
..#...#.......#+#
.....#.......#.#
..#.#.##.#....#.#
.....
#...#.#...###### ..
. #..............#
.....#..........#


You could see an endoplasm, a ball python and a kobold.

Vanquished Creatures
  A dart slug (D:1)
  A frilled lizard (D:1)
2 creatures vanquished.

Notes
Turn   | Place    | Note
-------+----------+-------------------------------------------
     0 | D:1      | IdlyInterested the Demonspawn Gladiator began the quest for
                  | the Orb.
     0 | D:1      | Reached XP level 1. HP: 16/16 MP: 1/1
   135 | D:1      | Slain by an endoplasm

Illustrated notes

Levels and vault maps discovered:
D:1:      kennysheep_arrival_seaside, layout_basic,
          amcnicky_mini_corridor_feature, hangedman_decor_lopped

Action                   || total
-------------------------++-------
Melee: Flail             ||    11
Armor: Ring mail         ||     4
Dodge: Dodged            ||     8

Table legend: (Time is in decaauts)
 A = Elapsed time spent in this place.
 B = Non-inter-level travel time spent in this place.
 C = Inter-level travel time spent in this place.
 D = Time resting spent in this place.
 E = Time spent auto-exploring this place.
 F = Levels seen in this place.
 G = Mean time per level.
                   A        B        C        D        E       F      G
               +--------+--------+--------+--------+--------+-----+--------+
         Total |    156 |    156 |      0 |      0 |     50 |   1 |  156.0 |
       Dungeon |    156 |    156 |      0 |      0 |     50 |   1 |  156.0 |
               +--------+--------+--------+--------+--------+-----+--------+

Top non-repeatable levels by time:
     D:1: 156 daAuts
